 Dungeon Crawl Stone Soup version 0.29-a0-817-g9904bce7a6 (webtiles) character file.

Game seed: 14944430106396155868

16989 diecastcamel the Unseen (level 12, -1/62 HPs)
             Began as a Spriggan Enchanter on June 29, 2022.
             Was a Priest of Nemelex Xobeh.
             Killed from afar by a steam dragon (27 damage)
             ... with a ball of steam
             ... summoned by an ice statue
             ... in an ice cave on July 5, 2022.
             The game lasted 02:15:08 (18251 turns).

diecastcamel the Unseen (Spriggan Enchanter)       Turns: 18251, Time: 02:15:09

Health: -1/62      AC:  7    Str:  4    XL:     12   Next: 14%
Magic:  15/22      EV: 26    Int: 16    God:    Nemelex Xobeh [***...]
Gold:   119        SH: 12    Dex: 21    Spells: 11/23 levels left

rFire   x x .      SeeInvis +   O - +7 rapier of Agaceito {vorpal, Will+ Stlth+}
rCold   + + +      Faith    .   F - +0 buckler
rNeg    . . .      Spirit   .   W - +2 robe {rC+}
rPois   .          Reflect  +   (helmet restricted)
rElec   .          Harm     .   C - +2 cloak
rCorr   .          Rampage  .   (gloves unavailable)
Will    +++..                   (boots unavailable)
Stlth   +++++++...              Q - amulet of reflection
HPRegen 0.20/turn               N - ring of ice
MPRegen 0.18/turn               U - ring of ice

@: very quick
A: very small, no large weapons, unfitting armour, see invisible, speed 3
a: Renounce Religion, Draw Escape, Draw Destruction, Draw Summoning, Triple Draw


You were in an ice cave.
You worshipped Nemelex Xobeh.
Nemelex Xobeh was most pleased with you.
You visited 3 branches of the dungeon, and saw 13 of its levels.
You visited 1 bazaar.
You also visited: Ice Cave.

You collected 642 gold pieces.
You spent 523 gold pieces at shops.

Inventory:

Hand Weapons
 A - a +3 dagger of electrocution
 M - a +1 sling of freezing
 O - the +7 rapier of Agaceito (weapon) {vorpal, Will+ Stlth+}
   (You found it on level 11 of the Dungeon)

   It inflicts extra damage upon your enemies.
   Will:      It increases your willpower.
   Stlth:     It makes you more stealthy.
Missiles
 e - 9 boomerangs
 s - 50 poisoned darts
Armour
 C - a +2 cloak (worn)
 F - a +0 buckler (worn)
 L - a +2 robe of positive energy
 S - the +5 robe of Night {Dark Will+ SInv}
   (You found it on level 11 of the Dungeon)

   It shrouds the wearer in darkness, reducing the range at which they can see
   and be seen by others.
   SInv:      It lets you see invisible.
   Will:      It increases your willpower.
 W - a +2 robe of cold resistance (worn)
Jewellery
 l - a ring of ice
 q - a ring of poison resistance
 v - a +6 ring of dexterity
 y - a ring of resist corrosion
 N - a ring of ice (left hand)
 P - a ring of magical power
 Q - an amulet of reflection (around neck)
 R - a ring of wizardry
 U - a ring of ice (right hand)
Wands
 k - a wand of flame (16)
 w - a wand of polymorph (8)
 B - a wand of quicksilver (5)
 I - a wand of mindburst (19)
Scrolls
 a - 3 scrolls of noise
 f - 3 scrolls of poison
 g - 7 scrolls of teleportation
 m - 4 scrolls of blinking
 n - a scroll of vulnerability
 o - a scroll of amnesia
 p - a scroll of torment
 x - a scroll of immolation {unknown}
 z - a scroll of summoning
 G - a scroll of fear {unknown}
 K - a scroll of enchant armour
 X - a scroll of fog {unknown}
Potions
 b - 2 potions of magic {unknown}
 c - 7 potions of invisibility
 d - 5 potions of degeneration {unknown}
 h - 3 potions of haste {unknown}
 i - 4 potions of attraction {unknown}
 j - a potion of berserk rage {unknown}
 r - 9 potions of curing {unknown}
 t - a potion of resistance
 D - 3 potions of brilliance {unknown}
 E - 2 potions of heal wounds {unknown}
 H - a potion of might {unknown}
 J - a potion of experience {unknown}
 V - a potion of mutation {unknown}
Miscellaneous
 T - a lightning rod (4/4)


   Skills:
 + Level 6.3 Fighting
 - Level 10.0 Short Blades
 + Level 11.9 Dodging
 + Level 15.4 Stealth
 + Level 1.5 Shields
 - Level 6.0 Spellcasting
 - Level 10.0 Hexes
 + Level 2.1 Invocations


You had 11 spell levels left.
You knew the following spells:

 Your Spells              Type           Power      Damage    Failure   Level
a - Ensorcelled Hibernat  Hex/Ice        92%        N/A       5%          2
b - Confusing Touch       Hex            36%        N/A       1%          3
c - Tukima's Dance        Hex            36%        N/A       1%          3
d - Cause Fear            Hex            18%        N/A       4%          4

Your spell library contained the following spells:

 Spells                   Type           Power      Damage    Failure   Level
 Dazzling Flash           Conj/Hex       40%        N/A       11%         3
 Inner Flame              Hex/Fire       20%        N/A       11%         3
 Portal Projectile        Hex/Tloc       40%        N/A       11%         3
 Apportation              Tloc           8%         N/A       28%         1
 Magic Dart               Conj           16%        1d3       28%         1
 Necrotise                Necr           16%        1d4       28%         1
 Shock                    Conj/Air       16%        1d4       28%         1
 Sting                    Tmut/Pois      16%        1d3       28%         1
 Fulminant Prism          Conj/Hex       10%        3d9       36%         4
 Leda's Liquefaction      Hex/Erth       10%        N/A       36%         4
 Blink                    Tloc           8%         N/A       41%         2
 Poisonous Vapours        Pois/Air       8%         N/A       41%         2
 Searing Ray              Conj           8%         2d4       41%         2
 Sublimation of Blood     Necr           4%         N/A       41%         2
 Call Canine Familiar     Summ           4%         N/A       65%         3
 Swiftness                Air            4%         N/A       65%         3
 Vampiric Draining        Necr           4%         2d6       65%         3
 Airstrike                Air            2%         0-2+      96%         4
 Hailstorm                Conj/Ice       10%        3d5       96%         4
 Olgreb's Toxic Radiance  Pois           4%         N/A       96%         4
 Petrify                  Tmut/Erth      4%         N/A       96%         4
 Agony                    Necr           4%         N/A       100%        5
 Alistair's Intoxication  Tmut/Pois      2%         N/A       100%        5
 Freezing Cloud           Conj/Ice/Air   5%         6-21      100%        5
 Irradiate                Conj/Tmut      2%         3d14      100%        5
 Manifold Assault         Tloc           4%         N/A       100%        5
 Conjure Ball Lightning   Conj/Air       2%         3x3d6     100%        6
 Storm Form               Tmut/Air       2%         N/A       100%        7
 Discord                  Hex            18%        N/A       100%        8


Dungeon Overview and Level Annotations

Branches:
Dungeon (11/15)            Temple (1/1) D:6            Lair (1/6) D:11
  IceCv (1/1)
    Orc: D:9-12

Altars:
Ashenzari
Cheibriados
Dithmenos
Elyvilon
Fedhas
Gozag
Hepliaklqana
Kikubaaqudgha
Makhleb
Nemelex Xobeh
Okawaru
Qazlal
Ru
Sif Muna
Trog
Uskayaw
Vehumet
Wu Jian
Xom
Yredelemnul
Zin
The Shining One
Lugonu

Shops:
D:9 *[[   D:10 (**

Portals:
Abyss: D:10
Trove: D:11 (give +5 fire dragon scales)

Annotations:
D:7 1 runed translucent door
D:10 2 runed translucent doors, 2 transporters, Iamsock's ghost, journeyman DsBe IceCv exclusion: 2 ice statues


Innate Abilities, Weirdness & Mutations

You are very small and have problems with some larger weapons.
You are too small for most types of armour.
You have supernaturally acute eyesight. (SInv)
You cover ground extremely quickly. (Speed+++)


Message History

The ice beast is blown away by the wind.
The electrical discharge engulfs the ice statue!
The ice statue resists.
The ice statue is severely damaged.
The electrical discharge engulfs the ice beast!!!
You kill the ice beast!
The ice beast disappears in a puff of smoke!
You feel a bit more experienced.
You feel a bit more experienced.
You hear violent peals of thunder!
The ice statue gestures.
Your Invocations skill increases to level 2!
Activating: Draw Destruction
Press: ? - help, Q - select action, (/) - cycle Dir - look around, f - activate You draw a card...
You have drawn Degeneration.
The ice beast evaporates and reforms as a steam dragon!
The steam dragon twists and deforms.
The ice statue is dazed by the mutagenic energy.
The ice statue gestures at you. The bolt of cold hits you. You resist.
The steam dragon breathes steam at you. The ball of steam hits you!
The steam scalds you terribly!
You are engulfed in a cloud of scalding steam.
Aiming: Ensorcelled Hibernation (safe; 5% risk of failure)
Press: ? - help, Q - select action, (/) - cycle Shift-Dir - straight line, f - steam dragon
Aim: a steam dragon (steam, summoned, misshapen and mutated, chance to affect: 73%)
You feel a strong surge of power!
The steam dragon struggles to resist.
You are engulfed in a cloud of scalding steam.
Aiming: Ensorcelled Hibernation (safe; 5% risk of failure)
Press: ? - help, Q - select action, (/) - cycle Shift-Dir - straight line, f/p - steam dragon
Aim: a steam dragon (steam, summoned, misshapen and mutated, chance to affect: 73%)
You feel a strong surge of power!
The steam dragon struggles to resist.
The steam dragon closely misses you. You block the steam dragon's attack.
Aiming: Ensorcelled Hibernation (safe; 5% risk of failure)
Press: ? - help, Q - select action, (/) - cycle Shift-Dir - straight line, f/p - steam dragon
Aim: a steam dragon (steam, summoned, misshapen and mutated, chance to affect: 73%)
You feel a strong surge of power!
The steam dragon struggles to resist.
The steam dragon breathes steam at you. The ball of steam hits you!!
The steam scalds you terribly!
You die...
Your body glows slightly and disappears.

##...##
##.##
##...##
##..÷..##
#.......#
#.§.....#
#.§.....#
#.......#
#[@D..)[#
####.####
#...§...#
#...D...#
#.......#
#.......#
#8......#
##.....##
##...##


You could see a steam dragon (summoned, catching breath, misshapen).

Vanquished Creatures
  Josephine (D:11)
  Fannar (D:10)
  A boulder beetle (D:8)
  An ice dragon (D:8)
  The ghost of zeratav the Markstengu, a journeyman TeHu of Okawaru (D:11)
  Sonja (D:11)
  Pikel (D:7)
  2 ugly things
  A manticore (D:11)
  Joseph (D:8)
  An ice statue (IceCv)
  Psyche (D:11)
  Maggie (D:9)
  4 komodo dragons
  A freezing wraith (IceCv)
  A kobold demonologist (D:10)
  2 trolls (D:10)
  An entropy weaver simulacrum (IceCv)
  2 dream sheep (D:11)
  4 wraiths (D:11)
  3 shadows (D:11)
  4 yaks
  A wyvern (D:11)
  2 basilisks (D:11)
  2 vampires
  A dancing weapon (D:11)
  Eustachio (D:4)
  A steam dragon (D:7)
  A death yak simulacrum (IceCv)
  A hornet zombie (D:5)
  5 orc warriors
  3 ice beasts
  A swamp drake (D:9)
  A black bear (D:8)
  An ogre (D:7)
  5 centaurs
  4 lemures (D:7)
  2 phantoms
  4 kobold brigands
  A necrophage (D:7)
  A gnoll sergeant (D:9)
  4 bullfrogs
  3 scorpions
  12 wights
  A water moccasin zombie (D:5)
  11 killer bees
  An elephant simulacrum (IceCv)
  5 howler monkeys
  A bullfrog zombie (D:5)
  5 hounds
  4 jellies
  12 orc priests
  2 gnoll boudas
  Ijyb (D:5)
  2 iguanas
  9 orc wizards
  2 polar bear simulacra (IceCv)
  A wolf simulacrum (IceCv)
  A hound zombie (D:5)
  20 gnolls
  8 adders
  2 white imps
  An adder zombie (D:5)
  3 worms
  5 dart slugs
  63 orcs
  9 ball pythons
  6 endoplasms
  7 giant cockroaches
  10 hobgoblins
  3 jackals (D:1)
  6 quokkas
  5 bats
  A frilled lizard (D:1)
  9 goblins
  14 kobolds
  9 rats
332 creatures vanquished.

Vanquished Creatures (collateral kills)
  A wight (D:8)
  An orc (D:7)
2 creatures vanquished.

Vanquished Creatures (others)
  7 dancing weapons
  A human (D:4)
  A kobold (D:11)
  8 plants
  8 withered plants (D:5)
25 creatures vanquished.

Grand Total: 359 creatures vanquished

Notes
Turn   | Place    | Note
-------+----------+-------------------------------------------
     0 | D:1      | diecastcamel the Spriggan Enchanter began the quest for the
                  | Orb.
     0 | D:1      | Reached XP level 1. HP: 9/9 MP: 5/5
    21 | D:1      | Found a faded altar of an unknown god.
   274 | D:1      | Reached XP level 2. HP: 12/13 MP: 6/6
   341 | D:1      | Reached skill level 5 in Stealth
   344 | D:1      | Learned a level 2 spell: Ensorcelled Hibernation
  1226 | D:1      | Reached XP level 3. HP: 14/16 MP: 0/8
  1399 | D:1      | Learned a level 3 spell: Confusing Touch
  1799 | D:2      | Found a broken altar of Ashenzari.
  2555 | D:2      | Reached XP level 4. HP: 21/21 MP: 9/9
  3315 | D:3      | Reached skill level 6 in Stealth
  3367 | D:3      | Identified the +4 spear "Zijel" {freeze, *Rage rPois rF-
                  | SInv}
  4313 | D:4      | Reached XP level 5. HP: 24/24 MP: 10/10
  4808 | D:4      | Found an ancient bone altar of Kikubaaqudgha.
  4809 | D:4      | Noticed a human
  4814 | D:4      | Killed a human
  4836 | D:4      | Noticed Eustachio
  4843 | D:4      | Killed Eustachio
  4844 | D:4      | Reached skill level 7 in Stealth
  4844 | D:4      | Reached XP level 6. HP: 28/28 MP: 11/11
  4858 | D:4      | Reached skill level 8 in Stealth
  5191 | D:4      | Reached skill level 5 in Short Blades
  5509 | D:4      | Reached XP level 7. HP: 32/32 MP: 13/13
  5556 | D:4      | Learned a level 3 spell: Tukima's Dance
  5833 | D:5      | Entered Level 5 of the Dungeon
  5849 | D:4      | Reached skill level 5 in Hexes
  6090 | D:5      | Found a snail-covered altar of Cheibriados.
  6101 | D:5      | Found a shimmering altar of Xom.
  6288 | D:5      | Reached XP level 8. HP: 30/37 MP: 4/15
  6305 | D:5      | Reached skill level 1 in Fighting
  6401 | D:5      | Upgraded the game from 0.29-a0-732-g3d7fbe0af2 to
                  | 0.29-a0-757-g358383bc75
  6966 | D:5      | Noticed Ijyb
  6975 | D:5      | Killed Ijyb
  6976 | D:5      | Reached skill level 5 in Dodging
  8073 | D:6      | Found a glowing golden altar of the Shining One.
  8391 | D:6      | Found a staircase to the Ecumenical Temple.
  8398 | Temple   | Entered the Ecumenical Temple
  8542 | Temple   | Became a worshipper of Nemelex Xobeh the Trickster
  9054 | D:7      | Noticed Pikel
  9261 | D:7      | Reached XP level 9. HP: 31/44 MP: 1/16
  9499 | D:7      | Reached skill level 9 in Stealth
  9610 | D:7      | Found a runed translucent door.
 10050 | D:7      | Killed Pikel
 10051 | D:7      | Reached skill level 10 in Stealth
 10169 | D:7      | Noticed a sixfirhy
 10418 | D:7      | Reached skill level 11 in Stealth
 10625 | D:8      | Reached skill level 12 in Stealth
 10769 | D:8      | Reached * piety under Nemelex Xobeh
 10956 | D:8      | Received a gift from Nemelex Xobeh
 11036 | D:8      | Reached XP level 10. HP: 49/49 MP: 2/17
 11455 | D:8      | Noticed Joseph
 11468 | D:8      | Killed Joseph
 11922 | D:8      | Noticed a boulder beetle
 12005 | D:8      | Killed a boulder beetle
 12006 | D:8      | Reached skill level 5 in Spellcasting
 12142 | D:8      | Noticed a red ugly thing
 12198 | D:8      | Killed a red ugly thing
 12345 | D:8      | Noticed a seven-headed hydra
 12415 | D:8      | Noticed an ice dragon
 12415 | D:8      | a seven-headed hydra changed into an ice dragon
 12563 | D:8      | Killed an ice dragon
 12564 | D:8      | Reached skill level 13 in Stealth
 12646 | D:8      | Upgraded the game from 0.29-a0-757-g358383bc75 to
                  | 0.29-a0-817-g9904bce7a6
 13241 | D:9      | Reached ** piety under Nemelex Xobeh
 13324 | D:9      | Found Nymmikal's Assorted Antiques.
 13332 | D:9      | Bought a twisted bone amulet for 175 gold pieces
 13375 | D:9      | Found Wureotah's Armour Boutique.
 13384 | D:9      | Found Dompevups's Armour Boutique.
 13385 | D:9      | Noticed Maggie
 13394 | D:9      | Killed Maggie
 14310 | D:9      | Learned a level 4 spell: Cause Fear
 14538 | D:10     | Entered Level 10 of the Dungeon
 14629 | D:10     | Reached XP level 11. HP: 54/54 MP: 21/21
 14813 | D:10     | Received a gift from Nemelex Xobeh
 14826 | D:10     | Found a large runed translucent door.
 14827 | D:10     | Found a large runed translucent door.
 14833 | D:10     | Found a corrupted altar of Lugonu.
 14833 | D:10     | Noticed a purple ugly thing
 14834 | D:10     | Noticed a red ugly thing
 14920 | D:10     | Found a sacrificial altar of Ru.
 14922 | D:10     | Noticed Fannar
 14959 | D:10     | Found a blossoming altar of Fedhas.
 14974 | D:10     | Killed Fannar
 14993 | D:10     | Found Teplopn's Assorted Antiques.
 15029 | D:10     | Reached skill level 10 in Dodging
 15088 | D:10     | Bought a scroll of identify for 54 gold pieces
 15088 | D:10     | Bought a scroll of identify for 54 gold pieces
 15088 | D:10     | Bought a scroll labelled XEFRAH WUJOIC for 27 gold pieces
 15167 | D:10     | Identified the +0 robe "Moeddodu" {rElec Stlth+}
 15354 | D:10     | Found Cicoyge's Antique Weapon Shop.
 15388 | D:10     | Found Oruutt's Assorted Antiques.
 15396 | D:10     | Bought a scroll labelled ARE SUVIEME for 26 gold pieces
 15409 | D:10     | Found a transporter.
 15411 | D:10     | Found a transporter.
 15425 | D:10     | Noticed Iamsock's ghost (journeyman DsBe)
 15427 | D:10     | Found a bloodstained altar of Trog.
 15430 | D:10     | Received a gift from Nemelex Xobeh
 15440 | D:10     | Noticed a two-headed ogre
 15449 | D:10     | Noticed a tengu warrior
 15606 | D:10     | Found a one-way gate to the infinite horrors of the Abyss.
 15606 | D:10     | Reached *** piety under Nemelex Xobeh
 15642 | D:10     | Reached skill level 5 in Fighting
 15820 | D:11     | Found a portal to a secret trove of treasure.
 15844 | D:10     | Reached skill level 14 in Stealth
 15852 | D:11     | Reached skill level 10 in Hexes
 15875 | D:11     | Identified the +1 long sword of the Priest {protect, rN+
                  | Dex+6}
 16026 | D:11     | Found a flickering gateway to a bazaar.
 16036 | Bazaar   | Entered a bazaar
 16037 | Bazaar   | Found Aqosmud's Magic Scroll Boutique.
 16046 | Bazaar   | Found Laedoumi's Magic Scroll Shop.
 16055 | Bazaar   | Found Atainao's Distillery.
 16067 | Bazaar   | Found Kenyhyci's Armour Boutique.
 16123 | Bazaar   | Bought a scroll of enchant armour for 75 gold pieces
 16165 | Bazaar   | Bought a scroll of enchant armour for 112 gold pieces
 16341 | D:11     | Found a runed translucent gate.
 16351 | D:11     | Found a runed translucent gate.
 16351 | D:11     | Noticed zeratav's ghost (journeyman TeHu)
 16352 | D:11     | Found a runed translucent gate.
 16441 | D:11     | Found a staircase to the Lair.
 16628 | D:11     | Identified the +7 rapier of Agaceito {vorpal, Will+ Stlth+}
 16633 | D:11     | Noticed Josephine
 16686 | D:11     | Killed Josephine
 16687 | D:11     | Reached skill level 10 in Short Blades
 16896 | D:11     | Noticed Sonja
 16918 | D:11     | Killed Sonja
 16919 | D:11     | Reached skill level 15 in Stealth
 17100 | D:11     | Noticed Psyche
 17148 | D:11     | Killed Psyche
 17310 | D:11     | Found the +5 robe of Night {Dark Will+ SInv}
 17472 | D:11     | Killed zeratav's ghost
 17473 | D:11     | Reached skill level 1 in Invocations
 17512 | D:11     | Reached XP level 12. HP: 61/61 MP: 18/22
 17536 | D:11     | Reached skill level 1 in Shields
 17702 | Lair:1   | Entered Level 1 of the Lair of Beasts
 17741 | Lair:1   | Found a frozen archway.
 17745 | IceCv    | Entered an ice cave
 17775 | IceCv    | Got the Encyclopedia of the Impact and the Winter
 18251 | IceCv    | Killed from afar by a steam dragon

Illustrated notes

Levels and vault maps discovered:
D:1:      giann_bridges, layout_basic, hellmonk_ecumenical_altar_lost_god,
          st_stairs_14, nicolae_concentric_dashed_squares_mild
D:2:      layout_loops_corners, basic_altar, minmay_pentomino_s4
D:3:      layout_loops_ring
D:4:      layout_loops_ring, tgw_kikubaaqudgha,
          nicolae_concentric_dashed_squares_wild, uniq_eustachio
D:5:      layout_loops_ring, mainiacjoe_overflow_boulevard,
          lemuel_crystal_altar, serial_undead, serial_undead_b, serial_undead_c,
          serial_undead_b, serial_undead_b, cheibrodos_gnoll_hut, uniq_ijyb
D:6:      layout_loops_ring, nicolae_tso_swordbearing_angel,
          minmay_temple_entry_nine_rooms
D:7:      cheibrodos_shockbox, layout_rooms, uniq_pikel
D:8:      minmay_slanted_spiral_squares, layout_cave_pools, uniq_joseph
D:9:      layout_roguey [special_room_orc], serial_shops,
          nicolae_shop_overgrown_old_shop, kennysheep_little_box, shop,
          nicolae_zen_rock_garden, uniq_maggie
D:10:     due_chaos_kobolds, layout_stronghold,
          mainiacjoe_overflow_large_starburst, serial_shops, shop_fountains,
          shop, shop, gammafunk_ghost_wrathful_warriors, serial_bayou_crossing,
          uniq_fannar
D:11:     layout_rooms, david_lair_generic, serial_shops, bzr_entry_lakeside,
          biasface_ghost_orc_armoury, nicolae_trove_entry_crossroad,
          hellmonk_guarded_unrand_night, uniq_sonja, uniq_josephine, uniq_psyche
Temple:   lightli_temple_of_artemis
Lair:1:   layout_hall_layers, basic_altar, portal_ice_cave_entry_pillars_2
IceCv:    ice_cave_statue_garden_chambered

Skill      XL: |  1  2  3  4  5  6  7  8  9 10 11 12 |
---------------+-------------------------------------+-----
Dodging        | 3 4 8 9 11 | 11.9
Stealth        | 5 6 7 8 12 13 15 | 15.4
Hexes          | 4 8 9 10 | 10.0
Short Blades   | 2 3 4 5 8 9 10 | 10.0
Spellcasting   | 3 4 6 |  6.0
Fighting       | 3 4 6 |  6.3
Invocations    | 1 2 |  2.1
Shields        | 1 |  1.5

Action                   |  1- 3 |  4- 6 |  7- 9 | 10-12 || total
-------------------------+-------+-------+-------+-------++-------
Melee: Dagger            |    86 |    73 |   260 |   177 ||   596
       Punch             |       |       |     1 |       ||     1
       Rapier            |       |       |       |   129 ||   129
 Fire: Sling             |       |       |       |     8 ||     8
Throw: Boomerang         |    18 |       |     1 |       ||    19
 Cast: Ensorcelled Hiber |    39 |    47 |   112 |   199 ||   397
       Confusing Touch   |       |       |    21 |    23 ||    44
       Tukima's Dance    |       |       |    17 |     5 ||    22
       Cause Fear        |       |       |       |     2 ||     2
Invok: Draw Destruction  |       |       |       |    15 ||    15
Evoke: Wand              |       |       |     1 |     9 ||    10
  Use: Scroll            |       |     3 |     3 |    10 ||    16
       Potion            |       |       |     1 |       ||     1
 Stab: Sleeping          |    23 |    48 |    66 |    94 ||   231
       Confused          |       |       |    16 |    23 ||    39
       Distracted        |       |       |     1 |     4 ||     5
       Invisible         |       |       |     1 |       ||     1
Armor: Robe              |     8 |     6 |    11 |    13 ||    38
Dodge: Dodged            |    58 |    32 |   177 |   178 ||   445
Block: Buckler           |       |       |    67 |   123 ||   190
       Reflection        |       |       |       |     3 ||     3

Table legend: (Time is in decaauts)
 A = Elapsed time spent in this place.
 B = Non-inter-level travel time spent in this place.
 C = Inter-level travel time spent in this place.
 D = Time resting spent in this place.
 E = Time spent auto-exploring this place.
 F = Levels seen in this place.
 G = Mean time per level.
                   A        B        C        D        E       F      G
               +--------+--------+--------+--------+--------+-----+--------+
         Total |  14174 |  13586 |    588 |   4565 |   5011 |  15 |  944.9 |
       Dungeon |  13520 |  12958 |    562 |   4293 |   4926 |  11 | 1229.1 |
        Temple |     96 |     79 |     17 |      0 |     50 |   1 |   96.0 |
          Lair |     30 |     22 |      8 |      0 |      0 |   1 |   30.0 |
        Bazaar |     84 |     84 |      0 |      0 |     34 |   1 |   84.0 |
      Ice Cave |    443 |    443 |      0 |    272 |      0 |   1 |  443.0 |
               +--------+--------+--------+--------+--------+-----+--------+

Top non-repeatable levels by time:
     D:8: 1794 daAuts
     D:9: 1527 daAuts
     D:7: 1489 daAuts
    D:11: 1437 daAuts
     D:5: 1346 daAuts
     D:1: 1323 daAuts
     D:4: 1124 daAuts
     D:3: 1116 daAuts
     D:2: 1041 daAuts
    D:10: 842 daAuts
     D:6: 477 daAuts
   IceCv: 443 daAuts
  Temple: 96 daAuts
  Bazaar: 84 daAuts
  Lair:1: 30 daAuts
